 Dungeon Crawl Stone Soup version 0.27.1-2-g3b301248ec (webtiles) character file.

Game seed: 10884024140140927617

200 Doot the Gusty (level 5, -1/28 HPs)
             Began as a Tengu Air Elementalist on Sept 25, 2021.
             Was a Believer of Qazlal.
             Slain by Grinder (3 damage)
             ... while paralysed by Grinder
             ... on level 3 of the Dungeon.
             The game lasted 00:06:10 (3475 turns).

Doot the Gusty (Tengu Air Elementalist)             Turns: 3475, Time: 00:06:11

Health: -1/28      AC:  6    Str:  9    XL:     5   Next: 78%
Magic:  2/10       EV:  2    Int: 16    God:    Qazlal [**....]
Gold:   69         SH:  0    Dex: 14    Spells: 3/10 levels left

rFire    . . .     SeeInvis .   n - +1 dagger (venom)
rCold    . . .     Faith    .   (no shield)
rNeg     . . .     Spirit   .   e - +3 leather armour
rPois    .         Reflect  .   (helmet restricted)
rElec    .         Harm     .   (no cloak)
rCorr    .         Rampage  .   (no gloves)
Will     .....                  (boots unavailable)
Stlth    ++........             (no amulet)
HPRegen  0.09/turn              (no ring)
MPRegen  0.12/turn              (no ring)

@: paralysed, flying quickly and evasively, quick
A: beak, talons 3, nimble flight
a: Renounce Religion, Upheaval


You were on level 3 of the Dungeon.
You worshipped Qazlal.
Qazlal was pleased with you.
You visited 1 branch of the dungeon, and saw 3 of its levels.

You collected 69 gold pieces.

Inventory:

Hand Weapons
 f - a +0 dagger
 n - a +1 dagger of venom (weapon)
Armour
 a - a +0 robe
 e - a +3 leather armour (worn)
Scrolls
 c - a scroll of enchant armour {unknown}
 d - 2 scrolls of teleportation {unknown}
 k - a scroll of summoning {unknown}
 l - a scroll of enchant weapon {unknown}
 m - 3 scrolls of identify {unknown}
 o - a scroll of magic mapping {unknown}
Potions
 b - a potion of resistance {unknown}
 g - a potion of cancellation {unknown}
 h - a potion of haste {unknown}
 i - a potion of heal wounds {unknown}
 j - a potion of curing {unknown}


   Skills:
 + Level 0.3 Short Blades
 + Level 0.5 Armour
 + Level 2.5 Dodging
 + Level 2.0 Stealth
 + Level 3.1 Spellcasting
 + Level 3.1 Conjurations
 + Level 6.4 Air Magic


You had 3 spell levels left.
You knew the following spells:

 Your Spells              Type           Power      Damage    Failure   Level
a - Shock                 Conj/Air       68%        1d7       3%          1
b - Static Discharge      Conj/Air       17%        N/A       5%          2
c - Airstrike             Air            11%        N/A       19%         4

Your spell library contained the following spells:

 Spells                   Type           Power      Damage    Failure   Level
 Swiftness                Air            23%        N/A       5%          3


Dungeon Overview and Level Annotations

Branches:
Dungeon (3/15)

Altars:
Okawaru
Qazlal
The Shining One

Annotations:
D:3 Grinder


Innate Abilities, Weirdness & Mutations

You have a beak for a mouth.
You have claws for feet.
Your magical nature lets you fly swiftly and evasively.


Message History

You can move again.
Unknown command.
Casting: Shock (safe; 3% risk of failure)
Confirm with . or Enter, or press ? or * to list all spells.
Aiming: Shock (safe; 3% risk of failure)
Press: ? - help, Shift-Dir - straight line
Okay, then.
Unknown command.
Casting: Shock (safe; 3% risk of failure)
Confirm with . or Enter, or press ? or * to list all spells.
Grinder is struck by an arc of lightning!
Grinder is moderately wounded.
You are struck by an arc of lightning.
The lightning grounds out.
Grinder hits you.
You writhe in agony.
Unknown command.
Unknown command.
Casting: Static Discharge (safe; 5% risk of failure)
Confirm with . or Enter, or press ? or * to list all spells.
Grinder is struck by an arc of lightning.
Grinder is heavily wounded.
You are struck by an arc of lightning.
The lightning grounds out.
Grinder hits you.
Unknown command.
Unknown command.
Casting: Static Discharge (safe; 5% risk of failure)
Confirm with . or Enter, or press ? or * to list all spells.
Grinder is struck by an arc of lightning.
Grinder is heavily wounded.
You are struck by an arc of lightning.
The lightning grounds out.
Grinder closely misses you.
Unknown command.
You aren't carrying any items that you can evoke.
Unknown command.
Grinder gestures at you.
You suddenly lose the ability to move!
Grinder hits you but does no damage. x2
Grinder hits you!
* * * LOW HITPOINT WARNING * * *
You writhe in agony.
You die...

####.....5...))....#
...........##<######
########.#.##.#####
#######...........#
..............###.#######
#######...######.........
#### ##.## #..#######
...# #.# #§5# .#.####..#
#@.# .........# #..#
≈≈≈≈≈≈≈≈.# #..#
.......≈.#######..#
.###.#.≈.#........#
.#...#.≈.#.######.#
.#._.#.≈.#.# #.#
.#...#.≈.#.# #.#
.#.###.≈.#.## #.#


You could see Grinder.

Vanquished Creatures
  2 orc priests (D:3)
  An iguana (D:3)
  Ijyb (D:3)
  A gnoll (D:1)
  An adder (D:2)
  3 dart slugs
  3 orcs
  5 bats
  5 endoplasms
  6 giant cockroaches
  9 goblins
  4 hobgoblins
  5 quokkas
  5 ball pythons
  3 frilled lizards
  5 kobolds
  3 rats
62 creatures vanquished.

Notes
Turn   | Place    | Note
-------+----------+-------------------------------------------
     0 | D:1      | Doot the Tengu Air Elementalist began the quest for the
                  | Orb.
     0 | D:1      | Reached XP level 1. HP: 10/10 MP: 4/4
   146 | D:1      | Reached XP level 2. HP: 15/15 MP: 3/6
   149 | D:1      | Learned a level 2 spell: Static Discharge
   515 | D:1      | Reached XP level 3. HP: 19/19 MP: 5/7
   849 | D:1      | Reached skill level 5 in Air Magic
  1264 | D:2      | Found a faded altar of an unknown god.
  1271 | D:2      | Became a worshipper of Qazlal Stormbringer
  1271 | D:2      | Reached * piety under Qazlal
  1638 | D:2      | Reached XP level 4. HP: 24/24 MP: 3/8
  1643 | D:2      | Learned a level 4 spell: Airstrike
  1953 | D:2      | Found an iron altar of Okawaru.
  2546 | D:3      | Found a glowing golden altar of the Shining One.
  2699 | D:3      | Reached ** piety under Qazlal
  2779 | D:3      | Gained mutation: Your magical nature lets you fly swiftly
                  | and evasively. [Tengu growth]
  2779 | D:3      | Reached XP level 5. HP: 9/28 MP: 6/10
  3074 | D:3      | Reached skill level 6 in Air Magic
  3089 | D:3      | Noticed an ice beast
  3189 | D:3      | Noticed Ijyb
  3196 | D:3      | Noticed Grinder
  3199 | D:3      | Killed Ijyb
  3200 | D:3      | Paralysed by Grinder for 6 turns
  3231 | D:3      | Paralysed by Grinder for 3 turns
  3448 | D:3      | Paralysed by Grinder for 7 turns
  3462 | D:3      | Paralysed by Grinder for 5 turns
  3471 | D:3      | Paralysed by Grinder for 4 turns
  3475 | D:3      | Slain by Grinder

Illustrated notes

Levels and vault maps discovered:
D:1:      dpeg_arrival_radiant, layout_basic, due_unseen_surprise
D:2:      layout_loops_cross, serial_glass, glass_columns_a, glass_columns_a,
          basic_altar, dreamdust_ecumenical_altar_statues, minmay_tromino_v7
D:3:      layout_loops_ring, mainiacjoe_overflow_brackets, hex_large,
          uniq_sigmund, uniq_crazy_yiuf_cottage, uniq_ijyb, uniq_grinder

Skill      XL: |  1  2  3  4  5 |
---------------+----------------+-----
Air Magic      | 5 6 |  6.4
Conjurations   | 2 3 |  3.1
Spellcasting   | 3 |  3.1
Short Blades   | |  0.3
Armour         | |  0.5
Dodging        | |  2.5
Stealth        | |  2.0

Action                   |  1- 3 |  4- 6 || total
-------------------------+-------+-------++-------
Melee: Dagger            |     8 |    10 ||    18
       Kick              |     3 |     3 ||     6
       Peck              |       |     2 ||     2
 Cast: Shock             |    79 |    43 ||   122
       Static Discharge  |       |    12 ||    12
Armor: Leather armour    |     3 |    11 ||    14
Dodge: Dodged            |    18 |    11 ||    29
Block: Other             |       |     3 ||     3
